 Dungeon Crawl Stone Soup version 0.26-a0-812-g31a745ddcd (webtiles) character file.

Game seed: 17345944512538535577

17 Dracia the Stinger (level 2, 0/19 HPs)
             Began as a Demonspawn Venom Mage on Dec 3, 2020.
             Slain by a hobgoblin (2 damage)
             ... on level 1 of the Dungeon.
             The game lasted 00:01:36 (337 turns).

Dracia the Stinger (Demonspawn Venom Mage)           Turns: 337, Time: 00:01:37

Health: 0/19       AC:  2    Str:  8    XL:     2   Next: 44%
Magic:  1/5        EV: 12    Int: 16    God:
Gold:   0          SH:  0    Dex: 13    Spells: 5/6 levels left

rFire    . . .     SeeInvis .   b - +0 club
rCold    . . .     Faith    .   (no shield)
rNeg     . . .     Spirit   .   a - +0 robe
rPois    .         Reflect  .   (no helmet)
rElec    .         Harm     .   (no cloak)
rCorr    .         Rampage  .   (no gloves)
MR       .....                  (no boots)
Stlth    ++........             (no amulet)
HPRegen  0.06/turn              (no ring)
MPRegen  0.09/turn              (no ring)

@: no status effects
A: spiny 1
a: no special abilities


You were on level 1 of the Dungeon.
You visited 1 branch of the dungeon, and saw 1 of its levels.


Innate Abilities, Weirdness & Mutations

You are partially covered in sharp spines.


   Skills:
 - Level 1.7 Dodging
 - Level 1.7 Stealth
 + Level 2.5 Spellcasting
 - Level 0.8 Transmutations
 + Level 3.4 Poison Magic


You had 5 spell levels left.
You knew the following spells:

 Your Spells              Type           Power        Failure   Level
f - Sting                 Tmut/Pois      #...         9%          1

Your spell library contained the following spells:

 Spells                   Type           Power        Failure   Level
 Poisonous Vapours        Pois/Air       #.....       14%         2
 Ignite Poison            Fire/Tmut/Pois #.......     32%         3
 Mephitic Cloud           Conj/Pois/Air  #.......     36%         3
 Olgreb's Toxic Radiance  Pois           ##......     43%         4

Inventory:

Hand Weapons
 b - a +0 club (weapon)
Armour
 a - a +0 robe (worn)

Dungeon Overview and Level Annotations

Branches:
Dungeon (1/15)

Altars:

###### #####....# .
#........#
...####.#.#.#..#
#......)......#
#####..#.#.#g.#####
##......@..รท..#
#.#.#.#.####.#
#(......# #)#
##.#.#### #g# #...#
#.# ##..# #.# #.##
#)# #.# ##.## ##
#...#


You could see a hobgoblin (poisoned).


Message History

Confirm with . or Enter, or press ? or * to list all spells.
Aiming: Sting (safe; 9% risk of failure)
Press: ? - help, Shift-Dir - straight line, f/p - kobold
Aim: a kobold, wielding a +0 dagger The sting hits the kobold.
The kobold is poisoned.
The kobold is severely wounded.
You kill the kobold!
You see here a bat skeleton.
Casting: Sting (safe; 9% risk of failure)
Confirm with . or Enter, or press ? or * to list all spells.
Aiming: Sting (safe; 9% risk of failure)
Press: ? - help, Shift-Dir - straight line, f - hobgoblin
Aim: a hobgoblin The sting misses the hobgoblin.
The hobgoblin closely misses you. The goblin is struck by your spines.
You kill the goblin!
The hobgoblin closely misses you. The hobgoblin is struck by your spines.
The hobgoblin hits you.
* * * LOW HITPOINT WARNING * * *
The hobgoblin barely misses you.
Casting: Sting (safe; 9% risk of failure)
Confirm with . or Enter, or press ? or * to list all spells.
Aiming: Sting (safe; 9% risk of failure)
Press: ? - help, Shift-Dir - straight line, f/p - hobgoblin
Aim: a hobgoblin (moderately wounded)
The sting hits the hobgoblin.
The hobgoblin is poisoned.
The hobgoblin is almost dead.
The hobgoblin hits you.
You die...

Action                   || total
-------------------------++-------
Melee: Unarmed           ||    11
       Club              ||     6
 Cast: Sting             ||    15
Armor: Robe              ||    23
Dodge: Dodged            ||    42

Levels and vault maps discovered:
D:1:      erik_arrival_orb_chamber, layout_rooms, serial_glass, glass_columns_b,
          glass_columns_a

Notes
Turn   | Place    | Note
-------+----------+-------------------------------------------
     0 | D:1      | Dracia the Demonspawn Venom Mage began the quest for the
                  | Orb.
     0 | D:1      | Reached XP level 1. HP: 13/13 MP: 3/3
   270 | D:1      | Gained mutation: You are partially covered in sharp spines.
                  | [demonic ancestry]
   270 | D:1      | Reached XP level 2. HP: 18/19 MP: 0/5
   337 | D:1      | Slain by a hobgoblin

Vanquished Creatures
  A dart slug (D:1)
  5 bats (D:1)
  2 hobgoblins (D:1)
  2 kobolds (D:1)
  2 goblins (D:1)
  2 rats (D:1)
14 creatures vanquished.

Table legend: (Time is in decaauts)
 A = Elapsed time spent in this place.
 B = Non-inter-level travel time spent in this place.
 C = Inter-level travel time spent in this place.
 D = Time resting spent in this place.
 E = Time spent auto-exploring this place.
 F = Levels seen in this place.
 G = Mean time per level.
                   A        B        C        D        E       F      G
               +--------+--------+--------+--------+--------+-----+--------+
         Total |    338 |    338 |      0 |      0 |    188 |   1 |  338.0 |
       Dungeon |    338 |    338 |      0 |      0 |    188 |   1 |  338.0 |
               +--------+--------+--------+--------+--------+-----+--------+

Top non-repeatable levels by time:
     D:1: 338 daAuts

Table legend:
 A = Non-vault XP
 B = Vault XP
 C = Vault XP percentage of total XP
 D = Non-vault monster count
 E = Vault monster count
 F = Vault count percentage of total count
                 A         B        C        D         E       F
            +---------+---------+-------+---------+---------+-------
      Total |      25 |       0 |   0.0 |      14 |       0 |   0.0
            +---------+---------+-------+---------+---------+-------
        D:1 |      25 |       0 |   0.0 |      14 |       0 |   0.0
            +---------+---------+-------+---------+---------+-------
